 Dungeon Crawl Stone Soup version 0.31-a0-1172-g9944ec47dd (webtiles) character file.

Game seed: 13425408253234670717

4479 backslashecho the Frost Mage (level 10, -11/66 HPs)
             Began as an Octopode Ice Elementalist on Dec 10, 2023.
             Was a Believer of Vehumet.
             Killed from afar by a steam dragon (18 damage)
             ... with a ball of steam
             ... on level 8 of the Dungeon.
             The game lasted 00:30:54 (9155 turns).

backslashecho the Frost Mage (OpIE)                 Turns: 9155, Time: 00:30:55

Health: -11/66     AC:  1    Str:  8    XL:     10   Next: 38%
Magic:  14/20      EV: 13    Int: 27    God:    Vehumet [**....]
Gold:   529        SH:  0    Dex: 13    Spells: 3/22 levels left

rFire   . . .        a - +1 dagger (elec)
rCold   + . .        (no shield)
rNeg    . . .        (helmet restricted)
rPois   .            (no amulet)
rElec   .            e - ring of see invisible
rCorr   .            t - ring of willpower
SInv    +            x - ring of protection from cold
Will    +....        y - +6 ring of intelligence
Stlth   +++          (no ring)
HPRegen 0.31/turn    (no ring)
MPRegen 0.17/turn    (no ring)
                     (no ring)

%: no passive effects
@: about to teleport, studying Unarmed Combat
A: almost no armour, amphibious, 8 rings, camouflage 1, gelatinous body 1,
(nimble swimmer 1), tentacles
a: Renounce Religion


You were on level 8 of the Dungeon.
You worshipped Vehumet.
Vehumet was pleased with you.
You visited 2 branches of the dungeon, and saw 9 of its levels.

You collected 562 gold pieces.
You spent 33 gold pieces at shops.

Inventory:

Hand Weapons
 a - a +1 dagger of electrocution (weapon)
Missiles
 f - 3 throwing nets
 g - 28 poisoned darts (quivered)
Armour
 C - a +2 kite shield
Magical Staves
 b - a staff of cold
Jewellery
 e - a ring of see invisible (left tentacle)
 t - a ring of willpower (right tentacle)
 x - a ring of protection from cold (on tentacle)
 y - a +6 ring of intelligence (on tentacle)
Wands
 p - a wand of paralysis (14)
 q - a wand of polymorph (9)
 w - a wand of mindburst (11)
 A - a wand of flame (7)
Scrolls
 c - 2 scrolls of identify
 i - 2 scrolls of teleportation
 k - 3 scrolls of enchant armour
 n - a scroll of summoning {unknown}
 o - a scroll of vulnerability
 s - 3 scrolls of blinking
 v - a scroll of torment {unknown}
 B - 2 scrolls of amnesia {unknown}
Potions
 d - a potion of magic
 h - 4 potions of curing
 l - a potion of lignification
 m - 3 potions of cancellation
 r - a potion of brilliance
 z - 2 potions of attraction


   Skills:
 - Level 5.0 Fighting
 - Level 1.2 Short Blades
 - Level 2.0 Dodging
 - Level 3.0 Stealth
 + Level 6.2 Unarmed Combat
 + Level 6.8 Spellcasting
 * Level 5.6 Conjurations
 - Level 2.0 Summonings
 + Level 3.9 Fire Magic
 - Level 9.0 Ice Magic


You had 3 spell levels left.
You knew the following spells:

 Your Spells              Type           Power      Damage    Failure   Level
a - Freeze                Ice            100%       1d10      1%          1
b - Ozocubu's Armour      Ice            55%        N/A       1%          3
c - Frozen Ramparts       Ice            100%       1d16      1%          3
d - Summon Ice Beast      Ice/Summ       38%        N/A       6%          4
e - Flame Wave            Conj/Fire      35%        2d10      9%          4
f - Sticky Flame          Conj/Fire      35%        2d5       9%          4

Your spell library contained the following spells:

 Spells                   Type           Power      Damage    Failure   Level
 Scorch                   Fire           60%        2d7       1%          2
 Hailstorm                Conj/Ice       48%        3d10      1%          3
 Call Canine Familiar     Summ           19%        N/A       8%          3
 Inner Flame              Hex/Fire       19%        N/A       8%          3
 Sigil of Binding         Hex            9%         N/A       19%         3
 Dimensional Bullseye     Hex/Tloc       4%         N/A       52%         4
 Leda's Liquefaction      Hex/Erth       4%         N/A       52%         4


Dungeon Overview and Level Annotations

Branches:
Dungeon (7/15)             Temple (1/1) D:5

Altars:
Cheibriados
Dithmenos
Fedhas
Hepliaklqana
Kikubaaqudgha
Makhleb
Nemelex Xobeh
Qazlal
Ru
Uskayaw
Vehumet
Wu Jian
Yredelemnul
Zin
The Shining One

Shops:
D:1 =   D:2 !   D:5 ([

Annotations:
D:3 exclusion: phantom
D:4 Grinder
D:6 2 transporters, Firecrotchwizard's ghost, novice HOCA


Innate Abilities, Weirdness & Mutations

You cannot wear most types of armour.
You are amphibious.
You can wear up to eight rings at the same time.
Your skin changes colour to match your surroundings (Stealth+).
Your rubbery body absorbs attacks. (AC +1, EV +1)
((You are camouflaged when in or above water. (Stealth+)))
You have tentacles for arms and can constrict up to eight enemies at once.


Message History

Unknown command.
Okay, then.
You are engulfed in a cloud of scalding steam.
Your ice beast is engulfed in a cloud of scalding steam.
You take 6 damage, and have 35/66 hp.
The frozen ramparts melt away as you move.
Your ice beast is engulfed in a cloud of scalding steam.
What are your orders? t - Shout!
Orders for allies: a - Attack new target. p - Attack previous target. r - Retreat! s - Stop attacking. g - Guard the area. f - Follow me.
Anything else - Cancel.
Gang up on whom?
Press: ? - help, Dir - move target, f/p - steam dragon
Aim: a steam dragon (steam) Attack!
Your ice beast is engulfed in a cloud of scalding steam.
Your ice beast dies!
Your ice beast disappears in a puff of smoke!
The steam dragon breathes steam at you. The ball of steam hits you!
You take 13 damage, and have 23/66 hp.
Casting: Frozen Ramparts (safe; 1% risk of failure)
Confirm with . or Enter, or press ? or * to list all spells.
A chill wind blows around you.
You now have 13/20 mp.
Something barely misses your ice beast.
Something closely misses your ice beast.
Your ice beast hits the steam dragon.
Your ice beast freezes the steam dragon!
What are your orders? t - Shout!
Orders for allies: a - Attack new target. p - Attack previous target. r - Retreat! s - Stop attacking. g - Guard the area. f - Follow me.
Anything else - Cancel.
Gang up on whom?
Press: ? - help, Dir - move target, f/p - steam dragon
Aim: a steam dragon (moderately wounded, ally target) Attack!
The steam dragon breathes steam at you. The ball of steam hits your ice beast!!
The ball of steam hits you!!
* * * LOW HITPOINT WARNING * * *
You take 19 damage, and have 6/66 hp.
MASSIVE DAMAGE!!
As you read the scroll of teleportation, it crumbles to dust.
You feel strangely unstable. The steam dragon breathes steam at you.
The ball of steam hits you!!
You die...

#.####...........# #~
#......#######..## ####~~
#.####.# #...## #..'.. #.# #.#
.....#######)D'.. #.# #.#
#.........D§.##~~ #.# #.#
#..######§##..# ~ #.# #.# #%.#
#§##### ####.# #.#######..# #D#
.....# #..†....@§.# #.### #
####.########.####§######...#...#
..............# #..D.D.......#
############### ########........
#########


There were no monsters in sight!

Vanquished Creatures
  Pikel (D:5)
  An ugly thing (D:8)
  Jeremiah (D:6)
  A hornet (D:7)
  2 wraiths
  A wyvern (D:8)
  Eustachio (D:5)
  A water moccasin (D:5)
  2 ice beasts
  4 ogres
  2 centaurs (D:5)
  2 lemures (D:5)
  Blork the orc (D:5)
  2 bullfrogs (D:8)
  4 gnoll sergeants (D:6)
  3 scorpions
  5 wights (D:6)
  An electric eel (D:8)
  5 howler monkeys
  2 hounds
  2 gnoll boudas (D:6)
  An orc priest (D:5)
  A sleepcap (D:6)
  2 iguanas
  Ijyb (D:5)
  3 orc wizards
  14 gnolls
  7 adders
  A shadow imp (D:5)
  2 white imps
  A worm (D:3)
  2 dart slugs
  13 orcs
  2 bats
  10 endoplasms
  3 giant cockroaches
  31 hobgoblins
  7 ball pythons
  A frilled lizard (D:2)
  27 goblins
  7 kobolds
  A rat (D:2)
181 creatures vanquished.

Vanquished Creatures (collateral kills)
  A gnoll (D:5)
  A shadow imp (D:8)
  3 goblins (D:5)
  3 hobgoblins (D:5)
  2 kobolds (D:5)
10 creatures vanquished.

Grand Total: 191 creatures vanquished

Notes
Turn   | Place    | Note
-------+----------+-------------------------------------------
     0 | D:1      | backslashecho the Octopode Ice Elementalist began the quest
                  | for the Orb.
     0 | D:1      | Reached XP level 1. HP: 11/11 MP: 3/3
    80 | D:1      | Found Wiem's One-of-a-Kind Rings.
   167 | D:1      | Found a faded altar of an unknown god.
   224 | D:1      | Reached XP level 2. HP: 17/17 MP: 5/5
   612 | D:2      | Reached XP level 3. HP: 17/21 MP: 3/6
   616 | D:2      | Learned a level 3 spell: Frozen Ramparts
   872 | D:2      | Found Qaajuupe's Distillery.
   875 | D:2      | Bought a potion of curing for 33 gold pieces
   913 | D:2      | Reached skill level 1 in Short Blades
  1516 | D:2      | Reached XP level 4. HP: 27/27 MP: 7/7
  1714 | D:3      | Learned a level 3 spell: Ozocubu's Armour
  2042 | D:3      | Noticed a phantom
  2334 | D:3      | Found a sacrificial altar of Ru.
  2682 | D:4      | Reached skill level 5 in Ice Magic
  2803 | D:4      | Noticed a scorpion
  2808 | D:4      | Killed a scorpion
  2809 | D:4      | Reached skill level 1 in Fighting
  2809 | D:4      | Reached XP level 5. HP: 33/33 MP: 3/9
  3210 | D:4      | Reached XP level 6. HP: 20/39 MP: 8/10
  3384 | D:4      | Noticed Grinder
  3440 | D:5      | Entered Level 5 of the Dungeon
  3613 | D:5      | Reached skill level 6 in Ice Magic
  3648 | D:5      | Noticed Ijyb
  3720 | D:5      | Killed Ijyb
  3773 | D:5      | Learned a level 4 spell: Summon Ice Beast
  3779 | D:5      | Noticed Pikel
  3786 | D:5      | Killed Pikel
  3787 | D:5      | Reached skill level 7 in Ice Magic
  3787 | D:5      | Reached XP level 7. HP: 47/47 MP: 11/13
  3787 | D:5      | Reached XP level 8. HP: 54/54 MP: 11/14
  3841 | D:5      | Found a staircase to the Ecumenical Temple.
  3855 | Temple   | Entered the Ecumenical Temple
  3865 | Temple   | Became a worshipper of Vehumet
  4018 | D:5      | Noticed Eustachio
  4047 | D:5      | Killed Eustachio
  4048 | D:5      | Reached skill level 8 in Ice Magic
  4292 | D:5      | Found Gymanoha's Antique Weapon Shoppe.
  4338 | D:5      | Reached skill level 5 in Spellcasting
  4345 | D:5      | Found Rausipil's Antique Armour Shop.
  4835 | D:5      | HP: 1/54 [centaur/arrow (9)]
  5053 | D:5      | Noticed Blork the orc
  5078 | D:5      | Killed Blork the orc
  5079 | D:5      | Reached XP level 9. HP: 22/60 MP: 4/17
  5168 | D:5      | Learned a level 4 spell: Sticky Flame
  5188 | D:5      | Reached * piety under Vehumet
  5188 | D:5      | Offered knowledge of Magic Dart by Vehumet.
  5195 | D:5      | Reached skill level 5 in Fighting
  5409 | D:5      | Reached skill level 9 in Ice Magic
  5539 | D:5      | Reached skill level 1 in Summonings
  5637 | D:5      | Reached ** piety under Vehumet
  5637 | D:5      | Offered knowledge of Sandblast by Vehumet.
  5644 | D:5      | Learned a level 4 spell: Flame Wave
  5804 | D:6      | Found a transporter.
  5814 | D:6      | Found a transporter.
  5814 | D:6      | Noticed Firecrotchwizard's ghost (novice HOCA)
  6128 | D:6      | Reached skill level 1 in Conjurations
  6128 | D:6      | Reached skill level 1 in Fire Magic
  6623 | D:6      | Noticed Jeremiah
  6742 | D:6      | Killed Jeremiah
  7969 | D:7      | Offered knowledge of Scorch by Vehumet.
  7970 | D:7      | Reached skill level 5 in Unarmed Combat
  8155 | D:7      | Noticed a hornet
  8163 | D:7      | Killed a hornet
  8164 | D:7      | Reached XP level 10. HP: 49/66 MP: 10/19
  8329 | D:7      | Found a basalt altar of Yredelemnul.
  8354 | D:7      | You fall into a shaft and drop 1 floor!
  8466 | D:8      | Found a burning altar of Makhleb.
  8470 | D:8      | Found an ancient bone altar of Kikubaaqudgha.
  8509 | D:8      | Found a hide-covered altar of Uskayaw.
  8645 | D:8      | Found a glowing silver altar of Zin.
  8667 | D:8      | Reached skill level 5 in Conjurations
  8786 | D:8      | Noticed a white ugly thing
  8797 | D:8      | Killed a white ugly thing
  9155 | D:8      | Killed from afar by a steam dragon

Illustrated notes

Levels and vault maps discovered:
D:1:      dpeg_arrival_pond, layout_rooms, ebering_ecumenical_altar_sacrificial,
          nicolae_shop_unique_rings
D:2:      layout_loops_corners, serial_shops, nicolae_shop_behind_doors
D:3:      layout_basic, nicolae_overflow_hidden_temple
D:4:      layout_gridville, okawaru_altar_gauntlet_db, kennysheep_little_box,
          uniq_grinder
D:5:      minmay_goblin_kobold_castle, layout_basic,
          minmay_temple_entry_water_ring, serial_shops, shop,
          nicolae_shop_just_a_little_nook, uniq_blork_the_orc, uniq_eustachio,
          uniq_ijyb, uniq_pikel
D:6:      layout_loops_corners, gammafunk_ghost_arena,
          pf_guarded_unrand_woodcutter, uniq_jeremiah
D:7:      layout_cave_pools, lemuel_doored_altar, lemuel_round_altar,
          xom_butterflies, uniq_maggie
D:8:      layout_loops_ring, nicolae_overflow_squiral,
          grunt_temple_overflow_open, minmay_misc_feat_tiny,
          kennysheep_generic_room_3
Temple:   compressed_dpeg_triangle_lava_temple

Skill      XL: |  1  2  3  4  5  6  7  8  9 10 |
---------------+-------------------------------+-----
Stealth        | 3 |  3.0
Short Blades   | 1 |  1.2
Ice Magic      | 5 7 8 9 |  9.0
Fighting       | 1 3 4 5 |  5.0
Spellcasting   | 3 4 5 6 |  6.8
Unarmed Combat | 5 6 |  6.2
Summonings     | 2 |  2.0
Conjurations   | 4 5 |  5.6
Fire Magic     | 3 |  3.9
Dodging        | |  2.0

Action                     |  1- 3 |  4- 6 |  7- 9 | 10-12 || total
---------------------------+-------+-------+-------+-------++-------
  Melee: Dagger            |    23 |     2 |    42 |     3 ||    70
         Tentacles         |     7 |     9 |    12 |       ||    28
         Unarmed           |     2 |       |       |       ||     2
         Constrict         |     6 |    14 |    13 |       ||    33
         Punch             |     1 |     1 |     3 |       ||     5
         Short sword       |     7 |    35 |       |       ||    42
         Staff             |       |       |     2 |       ||     2
  Throw: Dart              |       |    16 |    41 |     3 ||    60
         Throwing net      |       |       |     2 |       ||     2
   Cast: Freeze            |    16 |    32 |    53 |     5 ||   106
         Frozen Ramparts   |       |     7 |    36 |     4 ||    47
         Ozocubu's Armour  |       |     3 |     9 |       ||    12
         Summon Ice Beast  |       |       |    16 |     5 ||    21
         Flame Wave        |       |       |     3 |     3 ||     6
         Sticky Flame      |       |       |       |     2 ||     2
  Evoke: Wand              |       |     2 |    16 |     6 ||    24
    Use: Potion            |       |     1 |     1 |     1 ||     3
         Scroll            |       |       |     8 |     2 ||    10
   Stab: Sleeping          |    12 |     8 |     1 |     1 ||    22
         Paralysed         |       |     2 |     4 |       ||     6
 Armour: Skin              |    18 |    42 |    71 |    19 ||   150
  Dodge: Dodged            |    13 |    42 |    52 |     5 ||   112

Table legend: (Time is in decaauts)
 A = Elapsed time spent in this place.
 B = Non-inter-level travel time spent in this place.
 C = Inter-level travel time spent in this place.
 D = Time resting spent in this place.
 E = Time spent auto-exploring this place.
 F = Levels seen in this place.
 G = Mean time per level.
                   A        B        C        D        E       F      G
               +--------+--------+--------+--------+--------+-----+--------+
         Total |   9156 |   8506 |    650 |   2145 |   4542 |   9 | 1017.3 |
       Dungeon |   9135 |   8485 |    650 |   2145 |   4542 |   8 | 1141.9 |
        Temple |     20 |     20 |      0 |      0 |      0 |   1 |   20.0 |
               +--------+--------+--------+--------+--------+-----+--------+

Top non-repeatable levels by time:
     D:6: 2181 daAuts
     D:5: 2161 daAuts
     D:2: 1240 daAuts
     D:3: 961 daAuts
     D:4: 889 daAuts
     D:8: 800 daAuts
     D:1: 580 daAuts
     D:7: 320 daAuts
  Temple: 20 daAuts
